 Dungeon Crawl Stone Soup version 0.25-a0-641-g189b929 (webtiles) character file.

Game seed: 16040571878548298100, levelgen mode: deterministic

222 Faels the Skirmisher (level 5, -3/47 HPs)
             Began as a Gnoll Wanderer on Mar 20, 2020.
             Killed by nerve-wracking pain
             ... invoked by an orc priest
              (12 damage)
             ... on level 3 of the Dungeon.
             The game lasted 00:12:12 (3951 turns).

Faels the Skirmisher (Gnoll Wanderer)               Turns: 3951, Time: 00:12:14

Health: -3/47      AC:  6    Str: 13    XL:     5   Next: 99%
Magic:  7/7        EV: 12    Int: 16    God:
Gold:   151        SH:  0    Dex: 18    Spells: 7/7 levels left

rFire    . . .     SeeInvis .   y - +0 rapier
rCold    . . .     Gourm    .   (no shield)
rNeg     . . .     Faith    .   q - +0 ring mail
rPois    .         Spirit   .   (no helmet)
rElec    .         Reflect  .   h - +0 cloak
rCorr    .         Harm     .   (no gloves)
MR       .....                  (no boots)
Stlth    ++........             (no amulet)
HPRegen  0.15/turn              A - +3 ring of dexterity
MPRegen  0.10/turn              r - ring of stealth

@: no status effects
A: distributed training, fangs 1, strong nose
a: no special abilities


You were on level 3 of the Dungeon.
You were not hungry.

You visited 1 branch of the dungeon, and saw 3 of its levels.

You collected 151 gold pieces.

Inventory:

Hand Weapons
 a - a +2 dagger
 c - a +0 short sword
 w - a +2 vorpal mace
 y - a +0 rapier (weapon)
Missiles
 b - 3 curare-tipped darts
 x - 3 silver boomerangs (quivered)
Armour
 e - a +0 robe
 h - a +0 cloak (worn)
 n - a +0 leather armour
 q - a +0 ring mail (worn)
 s - a +0 chain mail
Jewellery
 o - an uncursed ring of magical power
 r - a ring of stealth (right hand)
 A - a +3 ring of dexterity (left hand)
Scrolls
 d - 3 scrolls of teleportation
 i - a scroll of noise {unknown}
 j - 3 scrolls of amnesia
 l - a scroll of enchant weapon {unknown}
 m - 4 scrolls of identify
 p - a scroll of remove curse
 u - 2 scrolls of fog
 v - a scroll of magic mapping
 B - 3 scrolls of immolation {unknown}
Potions
 k - a potion of resistance
 z - a potion of flight
Comestibles
 f - 3 rations
 t - a chunk of flesh


   Skills:
 + Level 6.7 Fighting
 + Level 4.8 Short Blades
 + Level 1.6 Long Blades
 + Level 1.6 Axes
 + Level 1.6 Maces & Flails
 + Level 1.6 Polearms
 + Level 1.6 Staves
 + Level 1.6 Slings
 + Level 1.6 Bows
 + Level 3.1 Crossbows
 + Level 4.8 Throwing
 + Level 3.1 Armour
 + Level 3.1 Dodging
 + Level 1.6 Stealth
 + Level 1.6 Shields
 + Level 1.6 Unarmed Combat
 + Level 1.6 Spellcasting
 + Level 1.3 Conjurations
 + Level 1.3 Hexes
 + Level 1.3 Charms
 + Level 1.3 Summonings
 + Level 1.3 Necromancy
 + Level 1.3 Translocations
 + Level 1.3 Transmutations
 + Level 1.3 Fire Magic
 + Level 1.3 Ice Magic
 + Level 1.3 Air Magic
 + Level 1.3 Earth Magic
 + Level 1.3 Poison Magic
 + Level 1.9 Invocations
 + Level 1.6 Evocations


You had 7 spell levels left.
You didn't know any spells.
Your spell library contained the following spells:

 Spells                   Type           Power        Failure   Level  Hunger
 Animate Skeleton         Necr           N/A          26%         1    ##.....
 Apportation              Tloc           #.....       26%         1    ##.....
 Corona                   Hex            #......      26%         1    ##.....
 Summon Small Mammal      Summ           #...         26%         1    ##.....


Dungeon Overview and Level Annotations

Branches:
Dungeon (3/15)

Altars:
Kikubaaqudgha
Ru
Trog
Jiyva


Innate Abilities, Weirdness & Mutations

Your experience applies equally to all skills.
You have very sharp teeth.
Your uncanny sense of smell can sniff out nearby items.


Message History

The orc wizard closely misses you. The orc hits you but does no damage.
The orc wizard hits you with a +0 dagger of holy wrath.
* * * LOW HITPOINT WARNING * * *
You hit the orc wizard but do no damage.
The orc wizard is almost dead.
The orc wizard casts a spell at you. The magic dart hits you.
* * * LOW HITPOINT WARNING * * *
The orc hits you but does no damage.
You hit the orc wizard.
You kill the orc wizard!
The orc hits you with a +0 dagger.
* * * LOW HITPOINT WARNING * * *
You barely miss the orc priest.
You bite the orc priest, but do no damage.
The orc priest is almost dead.
The orc hits you but does no damage.
The orc priest invokes the aid of Beogh against you.
Pain shoots through your body!
You die...

.# #.###.#.# #.#
.# #.....#.# #.#
.###########.# #.#
.............# #.#
############## #.#
.....## #.#
......# #.#
......# #.#
......##*******#@#
...............oo#
.....#############
.....# ....##
####### #≈_#
####.# #..'.#


You could see an orc priest and an orc.

Vanquished Creatures
  An orc wizard (D:3)
  4 gnolls
  6 adders
  4 worms
  2 dart slugs (D:1)
  4 leopard geckos
  4 orcs (D:3)
  A ball python (D:3)
  4 giant cockroaches
  8 goblins
  7 hobgoblins
  7 jackals
  9 kobolds
  5 bats
  3 frilled lizards
  9 rats
78 creatures vanquished.

Notes
Turn   | Place    | Note
-------+----------+-------------------------------------------
     0 | D:1      | Faels the Gnoll Wanderer began the quest for the Orb.
     0 | D:1      | Faels set off with the following items: a +2 dagger, 3
                  | curare-tipped darts, a +0 short sword, a scroll of
                  | teleportation, a +0 robe, a ration
     0 | D:1      | Reached XP level 1. HP: 23/23 MP: 1/1
   241 | D:1      | Found a viscous altar of Jiyva.
   241 | D:1      | Noticed a jelly
   241 | D:1      | Noticed a jelly
   241 | D:1      | Noticed a jelly
   242 | D:1      | Noticed a jelly
   253 | D:1      | Reached XP level 2. HP: 29/29 MP: 2/2
   857 | D:1      | Reached XP level 3. HP: 35/35 MP: 3/3
  1292 | D:2      | Reached skill level 1 in Invocations
  1721 | D:1      | Reached skill level 1 in Long Blades
  1721 | D:1      | Reached skill level 1 in Axes
  1721 | D:1      | Reached skill level 1 in Maces & Flails
  1721 | D:1      | Reached skill level 1 in Polearms
  1721 | D:1      | Reached skill level 1 in Staves
  1721 | D:1      | Reached skill level 1 in Slings
  1721 | D:1      | Reached skill level 1 in Bows
  1721 | D:1      | Reached skill level 1 in Stealth
  1721 | D:1      | Reached skill level 1 in Shields
  1721 | D:1      | Reached skill level 1 in Unarmed Combat
  1721 | D:1      | Reached skill level 1 in Spellcasting
  1721 | D:1      | Reached skill level 1 in Evocations
  1721 | D:1      | Reached XP level 4. HP: 38/41 MP: 5/5
  2206 | D:2      | Reached skill level 1 in Conjurations
  2206 | D:2      | Reached skill level 1 in Hexes
  2206 | D:2      | Reached skill level 1 in Charms
  2206 | D:2      | Reached skill level 1 in Summonings
  2206 | D:2      | Reached skill level 1 in Necromancy
  2206 | D:2      | Reached skill level 1 in Translocations
  2206 | D:2      | Reached skill level 1 in Transmutations
  2206 | D:2      | Reached skill level 1 in Fire Magic
  2206 | D:2      | Reached skill level 1 in Ice Magic
  2206 | D:2      | Reached skill level 1 in Air Magic
  2206 | D:2      | Reached skill level 1 in Earth Magic
  2206 | D:2      | Reached skill level 1 in Poison Magic
  2485 | D:2      | Reached XP level 5. HP: 39/47 MP: 6/6
  2817 | D:3      | Found a sacrificial altar of Ru.
  3746 | D:3      | Found an ancient bone altar of Kikubaaqudgha.
  3746 | D:3      | Found a bloodstained altar of Trog.
  3951 | D:3      | Killed from afar by an orc priest

Levels and vault maps discovered:
D:1:      erik_arrival_cave_to_civilisation [erik_arrival_cave_to_temple],
          layout_basic
D:2:      layout_basic
D:3:      layout_basic, gammafunk_temple_overflow_elements,
          nicolae_ru_awakened_eye

Skill      XL: |  1  2  3  4  5 |
---------------+----------------+-----
Invocations    | 1 |  1.9
Long Blades    | 1 |  1.6
Axes           | 1 |  1.6
Maces & Flails | 1 |  1.6
Polearms       | 1 |  1.6
Staves         | 1 |  1.6
Slings         | 1 |  1.6
Bows           | 1 |  1.6
Stealth        | 1 |  1.6
Shields        | 1 |  1.6
Unarmed Combat | 1 |  1.6
Spellcasting   | 1 |  1.6
Evocations     | 1 |  1.6
Conjurations   | 1 |  1.3
Hexes          | 1 |  1.3
Charms         | 1 |  1.3
Summonings     | 1 |  1.3
Necromancy     | 1 |  1.3
Translocations | 1 |  1.3
Transmutations | 1 |  1.3
Fire Magic     | 1 |  1.3
Ice Magic      | 1 |  1.3
Air Magic      | 1 |  1.3
Earth Magic    | 1 |  1.3
Poison Magic   | 1 |  1.3
Crossbows      | 3 |  3.1
Armour         | 3 |  3.1
Dodging        | 3 |  3.1
Fighting       | |  6.7
Short Blades   | |  4.8
Throwing       | |  4.8

Action                   |  1- 3 |  4- 6 || total
-------------------------+-------+-------++-------
Melee: Dagger            |   134 |   198 ||   332
       Bite              |    14 |    28 ||    42
       Rapier            |       |    24 ||    24
Throw: Dart              |       |     5 ||     5
  Use: Scroll            |       |     7 ||     7
       Potion            |       |     1 ||     1
 Stab: Sleeping          |     3 |     5 ||     8
       Distracted        |       |     1 ||     1
  Eat: Chunk             |     2 |     8 ||    10
Armor: Robe              |     9 |       ||     9
       Leather armour    |    12 |       ||    12
       Ring mail         |     1 |    60 ||    61
Dodge: Dodged            |    69 |   105 ||   174

Table legend:
 A = Non-vault XP
 B = Vault XP
 C = Vault XP percentage of total XP
 D = Non-vault monster count
 E = Vault monster count
 F = Vault count percentage of total count
                 A         B        C        D         E       F
            +---------+---------+-------+---------+---------+-------
      Total |     312 |       6 |   1.9 |      76 |       2 |   2.6
            +---------+---------+-------+---------+---------+-------
        D:1 |      69 |       6 |   8.0 |      24 |       2 |   7.7
        D:2 |      99 |       0 |   0.0 |      27 |       0 |   0.0
        D:3 |     144 |       0 |   0.0 |      25 |       0 |   0.0
            +---------+---------+-------+---------+---------+-------
